 Dungeon Crawl Stone Soup version 0.26-a0-639-g72c4674329 (webtiles) character file.

Game seed: 17299775280626635256

23 DogServant the Shooter (level 2, 15/15 HPs)
             Began as a Spriggan Hunter on Sept 15, 2020.
             Quit the game on level 2 of the Dungeon.
             The game lasted 00:01:47 (1194 turns).

DogServant the Shooter (Spriggan Hunter)            Turns: 1194, Time: 00:01:48

Health: 15/15      AC:  2    Str:  8    XL:     2   Next: 75%
Magic:  3/3        EV: 18    Int: 12    God:
Gold:   55         SH:  0    Dex: 16    Spells: 1/1 levels left

rFire    . . .     SeeInvis +   a - +1 shortbow
rCold    . . .     Faith    .   (shield currently unavailable)
rNeg     . . .     Spirit   .   c - +0 robe
rPois    .         Reflect  .   (helmet restricted)
rElec    .         Harm     .   (no cloak)
rCorr    .         Rampage  .   (gloves unavailable)
MR       .....                  (boots unavailable)
Stlth    ++........             (no amulet)
HPRegen  0.05/turn              (no ring)
MPRegen  0.08/turn              (no ring)

@: very quick
A: very small, unfitting armour, see invisible, speed 3
a: no special abilities


You were on level 2 of the Dungeon.
You visited 1 branch of the dungeon, and saw 2 of its levels.

You collected 55 gold pieces.

Inventory:

Hand Weapons
 a - a +1 shortbow (weapon)
 b - a +0 short sword
Missiles
 d - 26 arrows (quivered)
Armour
 c - a +0 robe (worn)
Jewellery
 g - an uncursed amulet of reflection {unknown}
 h - an uncursed ring of stealth {unknown}
Scrolls
 e - 2 scrolls of noise {unknown}
Potions
 f - a potion of brilliance {unknown}
 i - a potion of degeneration {unknown}
 j - a potion of heal wounds {unknown}


   Skills:
 + Level 1.8 Fighting
 - Level 0.1 Short Blades
 + Level 5.5 Bows
 - Level 3.0 Dodging
 + Level 2.0 Stealth


You had one spell level left.
You didn't know any spells.
Your spell library was empty.

Dungeon Overview and Level Annotations

Branches:
Dungeon (2/15)

Altars:


Innate Abilities, Weirdness & Mutations

You are very small and have problems with some larger weapons.
You are too small for most types of armour.
You have supernaturally acute eyesight. (SInv)
You cover ground extremely quickly.


Message History

Press: ? - help, Shift-Dir - straight line, f - goblin
Aim: a goblin, wielding a +0 dagger (asleep)
You shoot an arrow. The arrow hits the goblin.
You kill the goblin!
d - 27 arrows (gained 1)
Things that are here:
a +0 dagger; a goblin corpse You now have 55 gold pieces (gained 8).
A dart slug comes into view.
A dart slug is nearby!
A dart slug is nearby!
Firing (i - inventory)
d - 27 arrows (quivered)
Press: ? - help, Shift-Dir - straight line, f - dart slug
Aim: a dart slug (asleep)
You shoot an arrow. The arrow hits the dart slug!
The dart slug is almost dead.
The dart slug launches a dart at you. The slug dart misses you.
Unknown command.
Are you sure you want to abandon this character and quit the game? (Confirm with "yes".)

#####.# ....... w.#
#####.# #.# # .# ...
#####.#### #.##
.......... ...#
....#+###### #..#
.##...[....# #..#
..#......#. #@.#
..#..)...# #####..#
#.#......# #......#
#........#.#)####.###
#........#...........
#........####.###.###
#...#.#.## #.#<#.#
#...#.#.## #.#.#.#
#.#.#....# #.....#


You could see a dart slug.

Vanquished Creatures
  2 dart slugs (D:1)
  A giant cockroach (D:1)
  5 goblins
  4 jackals (D:1)
  A frilled lizard (D:1)
  3 kobolds (D:1)
  2 rats (D:1)
18 creatures vanquished.

Notes
Turn   | Place    | Note
-------+----------+-------------------------------------------
     0 | D:1      | DogServant the Spriggan Hunter began the quest for the Orb.
     0 | D:1      | Reached XP level 1. HP: 10/10 MP: 2/2
    50 | D:1      | Reached skill level 5 in Bows
   358 | D:1      | Reached XP level 2. HP: 13/14 MP: 3/3
  1194 | D:2      | Quit the game

Illustrated notes

Levels and vault maps discovered:
D:1:      dpeg_arrival_leaves_temple_mockup, layout_basic
D:2:      layout_basic, gammafunk_temple_overflow_wave, uniq_terence

Skill      XL: |  1  2 |
---------------+-------+-----
Bows           | 5 |  5.5
Stealth        | 2 |  2.0
Fighting       | |  1.8
Short Blades   | |  0.1
Dodging        | |  3.0

Action                   || total
-------------------------++-------
Melee: Short sword       ||    49
 Fire: Shortbow          ||    17
 Stab: Sleeping          ||     1
Armor: Robe              ||     5
Dodge: Dodged            ||    56

Table legend: (Time is in decaauts)
 A = Elapsed time spent in this place.
 B = Non-inter-level travel time spent in this place.
 C = Inter-level travel time spent in this place.
 D = Time resting spent in this place.
 E = Time spent auto-exploring this place.
 F = Levels seen in this place.
 G = Mean time per level.
                   A        B        C        D        E       F      G
               +--------+--------+--------+--------+--------+-----+--------+
         Total |    923 |    908 |     15 |    167 |    588 |   2 |  461.5 |
       Dungeon |    923 |    908 |     15 |    167 |    588 |   2 |  461.5 |
               +--------+--------+--------+--------+--------+-----+--------+

Top non-repeatable levels by time:
     D:1: 831 daAuts
     D:2: 92 daAuts
